 Dungeon Crawl Stone Soup version 0.28.0-43-g3370ac3207 (webtiles) character file.

Game seed: 8008134284025863759

15975 crimpus the Basher (level 12, -11/78 HPs)
             Began as a Gargoyle Berserker on Mar 13, 2022.
             Was an Elder of Trog.
             Mangled by a meliai
             ... wielding a +0 broad axe
              (12 damage)
             ... on level 13 of the Dungeon.
             The game lasted 00:19:05 (15392 turns).

crimpus the Basher (Gargoyle Berserker)            Turns: 15392, Time: 00:19:10

Health: -11/78     AC: 30    Str: 32    XL:     12   Next: 32%
Magic:  12/12      EV:  8    Int:  8    God:    Trog [****..]
Gold:   629        SH:  6    Dex: 15    Spells: 11/11 levels left

rFire   . . .      SeeInvis .   t - +4 flail (flame)
rCold   . . .      Faith    .   n - +0 buckler {AC+3}
rNeg    + . .      Spirit   .   y - +0 plate armour
rPois   ∞          Reflect  .   x - +0 hat
rElec   +          Harm     .   s - +1 cloak
rCorr   .          Rampage  .   v - +0 pair of gloves
Will    ++...                   (no boots)
Stlth   ..........              (no amulet)
HPRegen 1.23/turn               g - +6 ring of dexterity
MPRegen 0.13/turn               u - +6 ring of strength

@: strong-willed, regenerating
A: sickness immunity, AC +8, negative energy resistance 1, electricity
resistance, torment resistance 1, petrification resistance
a: Renounce Religion, Berserk, Trog's Hand, Brothers in Arms


You were on level 13 of the Dungeon.
You worshipped Trog.
Trog was greatly pleased with you.
You visited 1 branch of the dungeon, and saw 13 of its levels.

You collected 629 gold pieces.

Inventory:

Hand Weapons
 b - a +2 whip of venom
 i - a +0 morningstar
 t - a +4 flail of flaming (weapon)
 B - a +1 mace of protection
Missiles
 E - a throwing net (quivered)
Armour
 a - a +0 kite shield
 l - +0 steam dragon scales
 n - a +0 buckler of protection (worn)
 s - a +1 cloak (worn)
 v - a +0 pair of gloves (worn)
 w - a +0 chain mail
 x - a +0 hat (worn)
 y - a +0 plate armour (worn)
Jewellery
 g - a +6 ring of dexterity (left hand)
 q - a ring of protection from fire
 u - a +6 ring of strength (right hand)
 z - a ring of positive energy
Wands
 m - a wand of flame (28)
 F - a wand of mindburst (9)
Scrolls
 c - 3 scrolls of vulnerability
 d - 6 scrolls of enchant armour
 e - 5 scrolls of identify
 f - 8 scrolls of teleportation
 j - 5 scrolls of amnesia
 k - 2 scrolls of magic mapping
 o - a scroll of torment
 p - a scroll of summoning
 D - 4 scrolls of fog
 G - a scroll of noise {unknown}
Potions
 h - 3 potions of might
 r - 2 potions of curing
 A - 2 potions of flight
 C - 11 potions of ambrosia


   Skills:
 + Level 10.5 Fighting
 + Level 13.0 Maces & Flails
 + Level 10.1 Armour
 - Level 1.6 Dodging
 + Level 9.3 Shields


You had 11 spell levels left.
You didn't know any spells.
Your spell library was empty.

Dungeon Overview and Level Annotations

Branches:
Dungeon (13/15)            Temple (0/1) D:6            Lair (0/6) D:11
    Orc (0/2) D:10
 Vaults: D:13-14

Altars:
Gozag
Sif Muna
Trog
Vehumet
Wu Jian

Shops:
D:9 !


Innate Abilities, Weirdness & Mutations

You are immune to sickness and miasma.
Your stone body is resilient. (AC +8)
You are immune to poison.
You resist negative energy. (rN+)
You are resistant to electric shocks. (rElec)
You are resistant to unholy torment.
You are immune to petrification.


Message History

The basilisk gazes at you. You resist with some effort.
You bludgeon the basilisk!! You burn the basilisk.
The basilisk is severely wounded.
You thump the basilisk! You burn the basilisk.
You kill the basilisk!
Trog accepts your kill.
No target in view!
No target in view!
You now have 629 gold pieces (gained 17).
F - a wand of mindburst (9)
G - a scroll labelled BOAGOHU FAKEDD
r - 2 potions of curing (gained 1)
Found an escape hatch in the ceiling.
Found a stone staircase leading down.
Found an escape hatch in the floor. 2 meliai come into view.
A meliai is wielding a +1 hand axe of electrocution.
The meliai buzzes angrily.
You hear an angry buzzing noise.
A meliai comes into view. It is wielding a +0 broad axe.
The meliai moves out of view.
The meliai invokes the aid of its god against you.
Something smites you! You block the meliai's attack.
The meliai stings you but does no damage.
The meliai mumbles some strange prayers to its god against you.
Something smites you!
The meliai invokes the aid of its god against you.
Something smites you!
The meliai hits you with a +1 hand axe of electrocution!
The meliai barely misses you.
The meliai hits you with a +0 broad axe!
* * * LOW HITPOINT WARNING * * *
The meliai stings you but does no damage.
Your skin crawls.
You feel strong-willed.
The meliai calls down the wrath of its god upon you.
Something smites you!
* * * LOW HITPOINT WARNING * * *
The meliai hits you with a +0 broad axe!
You die...

.......##........).#
#####......<.#....##
.## #.......##...##
..####......######
#...#.......###
#.......#..##.##
#.......##.....###
###.....##...#..y####
#.....##.###..@y#.##
#.###....##..##y...###
#.# ##...###.........#
#.#
#....##....###....#
#.# #.#..#.....#
.#.... #.#
#..#^.......# ...>..
#......#..#....##
..... ...###....##.###
.#### #. #.####....


You could see 3 meliai.

Vanquished Creatures
  Josephine (D:10)
  A hydra (D:12)
  2 two-headed ogres
  A deep elf pyromancer (D:11)
  Pikel (D:6)
  3 cyclopes
  A manticore (D:12)
  2 unseen horrors
  Maggie (D:7)
  4 trolls
  A queen bee (D:10)
  A hornet (D:8)
  8 wraiths
  Sigmund (D:5)
  A shadow (D:9)
  A vampire (D:12)
  6 yaks
  A wyvern (D:7)
  A basilisk (D:13)
  6 humans (D:6)
  3 steam dragons
  3 vampire mosquitoes (D:11)
  2 water moccasins
  A black bear (D:4)
  4 orc warriors
  A sky beast (D:8)
  2 necrophages
  An ogre (D:5)
  7 centaurs
  2 kobold brigands
  3 bullfrogs
  A scorpion (D:6)
  3 gnoll sergeants
  A water moccasin zombie (D:5)
  29 killer bees
  4 wights (D:6)
  4 howler monkeys
  2 jellies
  2 bullfrog zombies
  3 hounds
  3 centaur skeletons
  A gnoll shaman (D:9)
  3 centaur zombies
  2 orc priests
  A bullfrog skeleton (D:5)
  An iguana (D:5)
  6 orc wizards
  A statue (D:8)
  A killer bee zombie (D:6)
  2 hound zombies (D:5)
  A howler monkey zombie (D:7)
  13 gnolls
  2 howler monkey skeletons
  3 adders
  A white imp (D:7)
  3 ufetubi (D:6)
  An adder skeleton (D:4)
  A worm (D:3)
  A dart slug (D:1)
  29 orcs
  3 ball pythons
  9 endoplasms
  2 giant cockroaches
  4 goblins
  4 hobgoblins
  3 jackals (D:4)
  2 quokkas
  5 bats
  A frilled lizard (D:1)
  8 kobolds
  4 rats
  A spectral kobold (D:1)
244 creatures vanquished.

Notes
Turn   | Place    | Note
-------+----------+-------------------------------------------
     0 | D:1      | crimpus the Gargoyle Berserker began the quest for the Orb.
     0 | D:1      | Reached XP level 1. HP: 14/14 MP: 1/1
   826 | D:1      | Reached XP level 2. HP: 11/19 MP: 2/2
  1134 | D:1      | Found a faded altar of an unknown god.
  1584 | D:2      | Reached XP level 3. HP: 23/23 MP: 3/3
  2236 | D:2      | Reached skill level 4 in Maces & Flails
  2240 | D:2      | Reached ** piety under Trog
  2824 | D:3      | Reached XP level 4. HP: 29/29 MP: 4/4
  3680 | D:4      | Noticed a bullfrog
  3686 | D:4      | Killed a bullfrog
  3687 | D:4      | Reached XP level 5. HP: 33/33 MP: 5/5
  3910 | D:4      | Reached skill level 5 in Maces & Flails
  4083 | D:4      | Noticed a black bear
  4093 | D:4      | Killed a black bear
  4094 | D:4      | Reached XP level 6. HP: 39/39 MP: 6/6
  4580 | D:5      | Entered Level 5 of the Dungeon
  4605 | D:5      | Noticed a necrophage
  4613 | D:5      | Killed a necrophage
  4614 | D:5      | Reached skill level 1 in Shields
  4645 | D:5      | Noticed Prince Ribbit
  4746 | D:5      | Reached skill level 6 in Maces & Flails
  4746 | D:5      | Reached XP level 7. HP: 24/44 MP: 7/7
  4751 | D:5      | Reached skill level 5 in Fighting
  5658 | D:5      | Noticed Sigmund
  5666 | D:5      | Killed Sigmund
  5667 | D:5      | Reached skill level 7 in Maces & Flails
  5667 | D:5      | Reached XP level 8. HP: 50/50 MP: 8/8
  5884 | D:6      | Reached skill level 5 in Armour
  5917 | D:6      | Reached skill level 8 in Maces & Flails
  6033 | D:6      | Reached XP level 9. HP: 32/55 MP: 9/9
  6462 | D:6      | Noticed Pikel
  6475 | D:6      | Killed Pikel
  6476 | D:6      | Reached skill level 9 in Maces & Flails
  6476 | D:6      | Reached skill level 5 in Shields
  6520 | D:6      | Identified the +0 leather armour of the World {Rampage rF-
                  | rC+ rN+ MP+9}
  6942 | D:6      | Found a staircase to the Ecumenical Temple.
  7082 | D:6      | Noticed a cyclops
  7099 | D:6      | Killed a cyclops
  7254 | D:6      | Found an opulent altar of Gozag.
  7254 | D:6      | Found a bloodstained altar of Trog.
  7255 | D:6      | Found a shimmering blue altar of Sif Muna.
  7471 | D:6      | Reached skill level 10 in Maces & Flails
  7480 | D:6      | Reached XP level 10. HP: 59/63 MP: 10/10
  8076 | D:7      | Noticed Maggie
  8086 | D:7      | Killed Maggie
  8768 | D:8      | Reached skill level 11 in Maces & Flails
  9122 | D:8      | Reached *** piety under Trog
  9172 | D:8      | Killed an unseen horror
  9521 | D:8      | Found a radiant altar of Vehumet.
 10908 | D:9      | Found Othrar's Distillery.
 10977 | D:9      | Reached XP level 11. HP: 57/69 MP: 11/11
 11108 | D:10     | Entered Level 10 of the Dungeon
 11258 | D:10     | Reached skill level 12 in Maces & Flails
 11301 | D:10     | Found a staircase to the Orcish Mines.
 11785 | D:10     | Noticed a two-headed ogre
 11794 | D:10     | Killed a two-headed ogre
 12080 | D:10     | Noticed Josephine
 12091 | D:10     | Killed Josephine
 12349 | D:10     | Reached **** piety under Trog
 12836 | D:11     | Found a staircase to the Lair.
 13117 | D:11     | Found an ornate altar of the Wu Jian Council.
 13227 | D:11     | Noticed a cyclops
 13227 | D:11     | Noticed a deep elf pyromancer
 13245 | D:11     | Killed a cyclops
 13255 | D:11     | Killed a deep elf pyromancer
 13256 | D:11     | Reached skill level 10 in Fighting
 13316 | D:11     | Identified the +2 robe of Monotheism {Harm rElec Regen+
                  | Int-2}
 13462 | D:11     | Reached XP level 12. HP: 70/77 MP: 12/12
 13687 | D:12     | Noticed an eight-headed hydra
 13703 | D:12     | Killed an eight-headed hydra
 14017 | D:12     | Reached skill level 13 in Maces & Flails
 14475 | D:12     | Noticed a two-headed ogre
 14491 | D:12     | Killed a two-headed ogre
 14492 | D:12     | Reached skill level 10 in Armour
 14949 | D:12     | Identified the +1 robe "Hugoacvu" {MP+9 Dex+4 Slay+2}
 15392 | D:13     | HP: 1/78 [meliai/divine providence (11)]
 15392 | D:13     | Mangled by a meliai

Illustrated notes

Levels and vault maps discovered:
D:1:      zelgadis_glass_arrival_small, layout_loops_ring,
          dreamdust_ecumenical_altar_drowned_temple,
          chequers_serial_rivers_micro_e, roderic_roman_lattice,
          minmay_pentomino_t4
D:2:      layout_basic
D:3:      layout_basic
D:4:      layout_cave_pods, kennysheep_generic_room_13
D:5:      layout_loops_corners, uniq_sigmund, uniq_prince_ribbit1
D:6:      minmay_diamond_boxcup, layout_loops_corners,
          nicolae_overflow_hidden_temple, temple_doors_cd, minmay_ruffians,
          uniq_pikel
D:7:      layout_layer_cave, uniq_maggie
D:8:      layout_basic, vehumet_statue
D:9:      layout_stronghold, serial_shops, nicolae_lakefront_shop
D:10:     layout_loops_ring, orc_0_dummy, special_room [special_room_bee],
          uniq_josephine
D:11:     layout_long_grid, lair_entry_dummy, grunt_ministairs_12,
          nzn_wu_jian_council_hall
D:12:     layout_loops_ring
D:13:     nzn_winding_woodlands_stair_cross
          [nzn_winding_woodlands_5x15_lazy_stream,
          nzn_winding_woodlands_center_garden,
          nzn_winding_woodlands_5x15_longhouse,
          nzn_winding_woodlands_5x5_open_star,
          nzn_winding_woodlands_5x5_closed_star,
          nzn_winding_woodlands_5x15_zeroes,
          nzn_winding_woodlands_center_pierced_h,
          nzn_winding_woodlands_5x15_pool], layout_cave_pools, david_vaults_4

Skill      XL: |  1  2  3  4  5  6  7  8  9 10 11 12 |
---------------+-------------------------------------+-----
Fighting       | 4 5 6 7 8 10 | 10.5
Maces & Flails | 4 5 6 7 8 10 11 12 13 | 13.0
Armour         | 3 4 5 6 7 9 10 | 10.1
Shields        | 1 3 4 5 7 8 9 |  9.3
Dodging        | |  1.6

Action                   |  1- 3 |  4- 6 |  7- 9 | 10-12 || total
-------------------------+-------+-------+-------+-------++-------
Melee: Mace              |   106 |    30 |       |       ||   136
       Punch             |     1 |       |       |       ||     1
       Morningstar       |       |    60 |   142 |       ||   202
       Flail             |       |       |    71 |   125 ||   196
       Whip              |       |       |       |   554 ||   554
Invok: Berserk           |     1 |     4 |     8 |    21 ||    34
       Trog's Hand       |       |     1 |     1 |     3 ||     5
  Use: Potion            |       |     5 |       |     6 ||    11
       Scroll            |       |     4 |       |     8 ||    12
 Stab: Sleeping          |     1 |       |       |       ||     1
Armor: Animal skin       |    16 |       |       |       ||    16
       Leather armour    |    12 |       |       |       ||    12
       Ring mail         |     5 |    60 |   114 |    19 ||   198
       Chain mail        |       |       |       |    75 ||    75
       Steam dragon scal |       |       |       |    48 ||    48
       Plate armour      |       |       |       |   233 ||   233
Dodge: Dodged            |    63 |    57 |    94 |   206 ||   420
Block: Buckler           |     9 |     8 |    45 |   157 ||   219
       Kite shield       |       |       |       |    16 ||    16
